cohdb
Replays
Latest Replays
All Replays
Popular Replays
Top Player Replays
Match Explorer
How It Works
Community
CoH3 Stats
Reddit
Sign in to upload your games and track your stats! →
Sign in with Steam
Match 41162482
Unlisted
Match 41162482
Overview
Messages
Build Orders
End
Royal Engineer Section
Construct Section Command Post
Infantry Section
Vickers Machine Gun Team
Construct Platoon Command Post
Humber Armored Car
Light Vehicle Training
Selects Canadian Shock Battlegroup
Selects Canadian Shock Battlegroup
Selects Incendiary Munitions
Selects Pyrotechnics
Infantry Section
Selects Attacking Spirit
Selects Canadian Shock Section
Canadian Shock Section
Construct Company Command Post
Royal Engineer Section
Matilda II Heavy Tank
Royal Engineer Section
Crusader II Medium Tank
Crusader II Medium Tank
Crusader II Medium Tank
Selects Demolition Engineering
Crusader II Medium Tank
Royal Engineer Section
Demolition Engineering
PaniCoC
Ardy
赤腳大仙
CasaDeFrance
EvilAxis
Loona
twig
JUBA
0
0
Comments
sign in to comment!
No comments posted yet!